 Dungeon Sprint DCSS version 0.19.4-9-g45fd643 (webtiles) character file.

13482 vatarom the Warrior (level 11, -21/117 HPs)
             Began as a Minotaur Fighter on Feb 15, 2017.
             Was the Champion of Jiyva.
             Hit by a large rock thrown by a stone giant (30 damage)
             ... in the Dungeon (Sprint IX: "|||||||||||||||||||||||||||||").
             The game lasted 00:12:18 (2187 turns).

vatarom the Warrior (Minotaur Fighter)              Turns: 2187, Time: 00:12:19

Health: -21/117    AC: 26    Str: 20    XL:     11   Next: 76%
Magic:  0/10       EV:  7    Int:  8    God:    Jiyva [******]
Gold:   304        SH: 15    Dex: 17    Spells: 0 memorised, 10 levels left

rFire  + . .     SeeInvis .     o - +2 scimitar (flame)
rCold  . . .     Gourm    .     B - +2 plate armour {rF+}
rNeg   . . .     Faith    .     c - +0 shield
rPois  .         Spirit   .     (helmet unavailable)
rElec  .         Reflect  .     p - +0 cloak
rCorr  +         Harm     .     y - +0 pair of gloves
MR     .....     NoTele   +     (no boots)
Stlth  ..........               (no amulet)
                                r - +3 ring of intelligence
                                s - +3 ring of dexterity

@: slimy
A: retaliatory headbutt, fangs 1, horns 3, molten scales 2, sense surroundings
1, acidic bite, translucent skin 3, evolution 1, tendrils
a: Request Jelly, Slimify, Cure Bad Mutation, Renounce Religion


You were in the Dungeon.
You worshipped Jiyva.
Jiyva was exalted by your worship.
You were completely stuffed.

You visited 1 branch You collected 884 gold pieces.
You spent 580 gold pieces at shops.

Inventory:

Hand Weapons
 o - a +2 scimitar of flaming (weapon)
Armour
 a - a +0 pair of gloves
 b - a +0 scale mail
 c - a +0 shield (worn)
 p - a +0 cloak (worn)
 q - a +1 scale mail
 y - a +0 pair of gloves (worn)
 B - a +2 plate armour of fire resistance (worn)
Jewellery
 r - a +3 ring of intelligence (right hand)
 s - a +3 ring of dexterity (left hand)
Wands
 n - a wand of lightning (7/15)
Scrolls
 k - 3 scrolls of blinking
 l - 3 scrolls of remove curse
 m - 2 scrolls of amnesia
 w - 6 scrolls of identify
 x - 2 scrolls of enchant weapon
Potions
 d - 2 potions of might
 e - a potion of curing
 h - a potion of resistance
 i - 4 potions of magic
 j - a potion of invisibility
 t - a potion of agility
 u - a potion of brilliance
Comestibles
 f - 13 bread rations
 z - 40 fruits
 A - 12 meat rations


   Skills:
 + Level 17.2 Fighting
 + Level 17.1 Long Blades
 + Level 17.1 Armour
 + Level 17.2 Shields


You had 10 spell levels left.
You didn't know any spells.

Dungeon Overview and Level Annotations

Branches:
Dungeon (1/1)

Altars:
Cheibriados
Dithmenos
Elyvilon
Fedhas
Gozag
Hepliaklqana
Kikubaaqudgha
Makhleb
Nemelex Xobeh
Okawaru
Qazlal
Ru
Sif Muna
Trog
Uskayaw
Vehumet
Xom
Yredelemnul
Zin
The Shining One
Beogh
Jiyva
Lugonu

Shops:
D [=}%


Innate Abilities, Weirdness & Mutations

You reflexively headbutt those who attack you in melee.
You have a pair of large horns on your head.
You have very sharp teeth.
You are mostly covered in molten scales. (AC +3)
You passively map a small area around you.
You have acidic saliva.
Your transparent skin significantly reduces your foes' accuracy. (Stealth)
You evolve.
You are covered in slimy tendrils that may disarm your opponents.


Message History

A stone giant comes into view.
The stone giant shouts!
Things that are here:
a great sword of flaming; a fire giant corpse You completely miss the yaktaur.
Your headbutt misses the yaktaur.
The yaktaur unwields an uncursed arbalest.
The yaktaur hits you but does no damage.
You slash the yaktaur! You burn the yaktaur.
You headbutt the yaktaur, but do no damage.
You bite the yaktaur.
The yaktaur is splashed with acid.
The yaktaur is severely wounded.
The yaktaur barely misses you.
You riposte.
You hit the yaktaur. You burn the yaktaur.
The yaktaur is severely wounded.
You hit the yaktaur. You burn the yaktaur. You headbutt the yaktaur!
You kill the yaktaur!
A thick mucus forms on your +2 scimitar of flaming.
The stone giant throws a large rock.
You block the large rock.
The stone giant throws a large rock.
The large rock hits you!!
You die...

, * * * , , , , , , * **
** * *** * , ,, , , , ,,
, * * * * * ,,,, ,
▓▓▓▓▓▓▓▓▓▓▓▓▓▓▓▓▓▓▓▓▓▓▓▓
▓(....(@.C.†.†)...'†.C.D
▓.▓▓▓▓▓▓▓▓▓▓▓▓▓▓▓▓▓▓▓▓▓▓
▓.......................
▓▓▓▓▓▓▓▓▓▓▓▓▓▓▓▓♣♣♣♣♣♣♣♣
▓..........J....'.......
▓.▓▓▓▓▓▓▓▓▓▓▓▓▓▓♣♣♣♣♣♣♣♣
▓.......................
▓▓▓▓▓▓▓▓▓▓▓▓▓▓▓▓▓▓▓▓▓▓▓▓
▓.........'JJ....).J....


You could see a stone giant.

Vanquished Creatures
  A fire giant (D)
  A merfolk javelineer (D)
  An ice dragon (D)
  2 black mambas (D)
  An alligator (D)
  An orc high priest (D)
  A flayed ghost (D)
  A swamp dragon (D)
  2 shambling mangroves (D)
  A wolf spider (D)
  A moth of wrath (D)
  A siren (D)
  2 gargoyles (D)
  4 spiny frogs (D)
  A yaktaur (D)
  A merfolk (D)
  3 polar bears (D)
  A troll (D)
  A hippogriff (D)
  A blink frog (D)
  A hornet (D)
  A shadow (D)
  2 water moccasins (D)
  2 yaks (D)
  A hungry ghost (D)
  2 insubstantial wisps (D)
  A porcupine (D)
  6 orc warriors (D)
  3 black bears (D)
  A centaur (D)
  A crocodile (D)
  A scorpion (D)
  A howler monkey (D)
  A jelly (D)
  4 orc priests (D)
  2 iguanas (D)
  3 orc wizards (D)
  An adder (D)
  A shadow imp (D)
  A worm (D)
  A leopard gecko (D)
  6 orcs (D)
  A goblin (D)
  2 kobolds (D)
  A frilled lizard (D)
  A rat (D)
76 creatures vanquished.

Vanquished Creatures (collateral kills)
  A necromancer (D)
1 creature vanquished.

Vanquished Creatures (others)
  4 acid blobs (D)
  2 azure jellies (D)
  An emperor scorpion (D)
  A very ugly thing (D)
  2 ettins (D)
  A merfolk impaler (D)
  3 tengu warriors (D)
  3 orc high priests (D)
  An orc knight (D)
  A wolf spider (D)
  A demonic crawler (D)
  A tengu conjurer (D)
  A merfolk (D)
  10 slime creatures (D)
  A hornet (D)
  A hippogriff (D)
  A redback (D)
  A wraith (D)
  A porcupine (D)
  2 orc warriors (D)
  A crocodile (D)
  A big kobold (D)
  12 jellies (D)
  An ooze (D)
  An adder skeleton (D)
55 creatures vanquished.

Grand Total: 132 creatures vanquished

Notes
Turn   | Place    | Note
-------+----------+-------------------------------------------
     0 | D        | vatarom the Minotaur Fighter began the quest for the Orb.
     0 | D        | Reached XP level 1. HP: 19/19 MP: 0/0
   135 | D        | Noticed an orc priest
   135 | D        | Noticed an iguana
   135 | D        | Noticed an iguana
   135 | D        | Noticed a jelly
   139 | D        | Reached XP level 2. HP: 27/27 MP: 1/1
   141 | D        | Reached skill level 5 in Fighting
   141 | D        | Reached skill level 5 in Armour
   141 | D        | Reached skill level 5 in Shields
   141 | D        | Reached XP level 3. HP: 36/36 MP: 2/2
   143 | D        | Reached skill level 5 in Long Blades
   145 | D        | Reached XP level 4. HP: 44/44 MP: 3/3
   293 | D        | Found a roughly hewn altar of Beogh.
   293 | D        | Found a snail-covered altar of Cheibriados.
   293 | D        | Found a shadowy altar of Dithmenos.
   293 | D        | Found a white marble altar of Elyvilon.
   293 | D        | Found a blossoming altar of Fedhas.
   293 | D        | Found an opulent altar of Gozag.
   294 | D        | Found a hazy altar of Hepliaklqana.
   295 | D        | Found a viscous altar of Jiyva.
   296 | D        | Found an ancient bone altar of Kikubaaqudgha.
   297 | D        | Found a corrupted altar of Lugonu.
   298 | D        | Found a burning altar of Makhleb.
   299 | D        | Found a sparkling altar of Nemelex Xobeh.
   300 | D        | Found an iron altar of Okawaru.
   301 | D        | Found a stormy altar of Qazlal.
   302 | D        | Found a sacrificial altar of Ru.
   303 | D        | Found a deep blue altar of Sif Muna.
   305 | D        | Became a worshipper of Jiyva Jelonue the Shapeless
   307 | D        | Found a bloodstained altar of Trog.
   308 | D        | Found a hide-covered altar of Uskayaw.
   309 | D        | Found a radiant altar of Vehumet.
   310 | D        | Found a shimmering altar of Xom.
   311 | D        | Found a basalt altar of Yredelemnul.
   312 | D        | Found a glowing silver altar of Zin.
   313 | D        | Found a glowing golden altar of the Shining One.
   376 | D        | Noticed a hornet
   376 | D        | Noticed a centaur
   376 | D        | Noticed a troll
   378 | D        | Reached * piety under Jiyva
   379 | D        | Reached ** piety under Jiyva
   384 | D        | Killed a hornet
   384 | D        | Reached XP level 5. HP: 34/56 MP: 4/4
   384 | D        | Reached XP level 6. HP: 38/62 MP: 5/5
   398 | D        | Reached *** piety under Jiyva
   398 | D        | Gained mutation: You have a pair of large horns on your head. [Jiyva's grace]
   400 | D        | Reached **** piety under Jiyva
   400 | D        | Lost mutation: You have a pair of large horns on your head. [Jiyva's grace]
   402 | D        | Reached ***** piety under Jiyva
   402 | D        | Gained mutation: Your rubbery body absorbs attacks. (AC +1, EV +1) [Jiyva's grace]
   403 | D        | Killed a troll
   403 | D        | Reached skill level 10 in Fighting
   403 | D        | Reached skill level 10 in Armour
   403 | D        | Reached skill level 10 in Shields
   403 | D        | Reached XP level 7. HP: 49/72 MP: 6/6
   406 | D        | Gained mutation: Your spells are a little harder to cast, but a little more powerful. [Jiyva's grace]
   407 | D        | Gained mutation: You have acidic saliva. [Jiyva's grace]
   411 | D        | Reached ****** piety under Jiyva
   411 | D        | Lost mutation: Your spells are a little harder to cast, but a little more powerful. [Jiyva's grace]
   414 | D        | Gained mutation: You have large cloven feet. [Jiyva's grace]
   414 | D        | Gained mutation: Your flesh is cold resistant. (rC+) [Jiyva's grace]
   415 | D        | Gained mutation: Your translucent skin slightly reduces your foes' accuracy. (Stealth) [Jiyva's grace]
   415 | D        | Gained mutation: Your spells are a little easier to cast, but a little less powerful. [Jiyva's grace]
   417 | D        | Gained mutation: You have a small jelly attached to you that may absorb incoming projectiles. [Jiyva's grace]
   418 | D        | Noticed a hungry ghost
   418 | D        | Noticed a slime creature
   418 | D        | Noticed a gargoyle
   422 | D        | Gained mutation: Your translucent skin reduces your foes' accuracy. (Stealth) [Jiyva's grace]
   424 | D        | Gained mutation: Your transparent skin significantly reduces your foes' accuracy. (Stealth) [Jiyva's grace]
   424 | D        | Lost mutation: You have large cloven feet. [Jiyva's grace]
   424 | D        | Gained mutation: You are resistant to hostile enchantments. (MR+) [Jiyva's grace]
   424 | D        | Gained mutation: Your pliable body absorbs attacks. (AC +2, EV +2) [Jiyva's grace]
   424 | D        | Gained mutation: You have supernaturally acute eyesight. (SInv) [Jiyva's grace]
   425 | D        | Killed a hungry ghost
   425 | D        | Reached skill level 10 in Long Blades
   425 | D        | Lost mutation: You have acidic saliva. [Jiyva's grace]
   428 | D        | Lost mutation: You have a small jelly attached to you that may absorb incoming projectiles. [Jiyva's grace]
   434 | D        | Gained mutation: Your body has grown golden eyes which may confuse attackers. (Acc +3) [Jiyva's grace]
   438 | D        | Killed a gargoyle
   438 | D        | Reached XP level 8. HP: 72/82 MP: 3/7
   438 | D        | Lost mutation: You are resistant to hostile enchantments. (MR+) [Jiyva's grace]
   440 | D        | Noticed a slime creature
   440 | D        | a killer bee changed into a slime creature
   440 | D        | Lost mutation: Your body has grown golden eyes which may confuse attackers. (Acc +3) [Jiyva's grace]
   442 | D        | Gained mutation: You are covered in slimy tendrils that may disarm your opponents. [Jiyva's grace]
   442 | D        | Lost mutation: You are covered in slimy tendrils that may disarm your opponents. [Jiyva's grace]
   443 | D        | Gained mutation: You expend magic power (3 MP) to strengthen your wands. [Jiyva's grace]
   445 | D        | Lost mutation: Your flesh is cold resistant. (rC+) [Jiyva's grace]
   445 | D        | Lost mutation: You expend magic power (3 MP) to strengthen your wands. [Jiyva's grace]
   449 | D        | Gained mutation: You tend to lose your temper in combat. [Jiyva's grace]
   452 | D        | Gained mutation: You are partially covered in yellow scales. (AC +2) [Jiyva's grace]
   453 | D        | Lost mutation: You tend to lose your temper in combat. [Jiyva's grace]
   458 | D        | Lost mutation: You are partially covered in yellow scales. (AC +2) [Jiyva's grace]
   554 | D        | Noticed a spiny frog
   554 | D        | Noticed a spiny frog
   554 | D        | Noticed a blink frog
   554 | D        | Noticed a hippogriff
   557 | D        | Noticed a spiny frog
   557 | D        | Slimified a spiny frog
   557 | D        | Noticed a slime creature
   557 | D        | a spiny frog changed into a slime creature
   562 | D        | Noticed a spiny frog
   562 | D        | Killed a blink frog
   566 | D        | Killed a slime creature
   570 | D        | Slimified a spiny frog
   570 | D        | Noticed a slime creature
   570 | D        | a spiny frog changed into a slime creature
   576 | D        | Lost mutation: Your transparent skin significantly reduces your foes' accuracy. (Stealth) [Jiyva's grace]
   576 | D        | Killed a hippogriff
   588 | D        | Killed a spiny frog
   595 | D        | Killed a spiny frog
   595 | D        | Reached XP level 9. HP: 78/92 MP: 3/8
   647 | D        | Noticed an eight-headed hydra
   647 | D        | Noticed a komodo dragon
   649 | D        | Noticed a spiny frog
   649 | D        | Slimified an eight-headed hydra
   649 | D        | an eight-headed hydra changed into a slime creature
   667 | D        | Slimified a komodo dragon
   667 | D        | a komodo dragon changed into a jelly
   673 | D        | Lost mutation: Your spells are a little easier to cast, but a little less powerful. [Jiyva's grace]
   675 | D        | Killed a spiny frog
   703 | D        | Gained mutation: You are partially covered in slimy green scales. (AC +2) [Jiyva's grace]
   733 | D        | Lost mutation: Your translucent skin reduces your foes' accuracy. (Stealth) [Jiyva's grace]
   735 | D        | Gained mutation: You are resistant to hostile enchantments. (MR+) [Jiyva's grace]
   739 | D        | Gained mutation: You are partially covered in iridescent scales. (AC +2) [Jiyva's grace]
   739 | D        | Lost mutation: You are partially covered in iridescent scales. (AC +2) [Jiyva's grace]
   739 | D        | Lost mutation: You are resistant to hostile enchantments. (MR+) [Jiyva's grace]
   741 | D        | Gained mutation: You have large cloven feet. [Jiyva's grace]
   742 | D        | Noticed a polar bear
   742 | D        | Noticed a polar bear
   742 | D        | Noticed a polar bear
   742 | D        | Noticed a polar bear
   745 | D        | Noticed a polar bear
   745 | D        | Gained mutation: Your muscles are strong. (Str +2) [Jiyva's grace]
   745 | D        | Lost mutation: Your pliable body absorbs attacks. (AC +2, EV +2) [Jiyva's grace]
   746 | D        | Slimified a polar bear
   746 | D        | a polar bear changed into a slime creature
   746 | D        | Gained mutation: You have hoof-like feet. [Jiyva's grace]
   750 | D        | Lost mutation: You have supernaturally acute eyesight. (SInv) [Jiyva's grace]
   751 | D        | Lost mutation: You are partially covered in slimy green scales. (AC +2) [Jiyva's grace]
   755 | D        | Killed a polar bear
   755 | D        | Gained mutation: You tend to lose your temper in combat. [Jiyva's grace]
   755 | D        | Gained mutation: You have hooves in place of feet. [Jiyva's grace]
   759 | D        | Killed a polar bear
   759 | D        | Gained mutation: You are partially covered in rugged brown scales. (AC +1, +3% HP) [Jiyva's grace]
   764 | D        | Killed a polar bear
   767 | D        | Slimified a polar bear
   767 | D        | a polar bear changed into a jelly
   768 | D        | Lost mutation: Your translucent skin slightly reduces your foes' accuracy. (Stealth) [Jiyva's grace]
   768 | D        | Lost mutation: Your rubbery body absorbs attacks. (AC +1, EV +1) [Jiyva's grace]
   768 | D        | Gained mutation: You are partially covered in molten scales. (AC +2) [Jiyva's grace]
   768 | D        | Gained mutation: Your body has grown golden eyes which may confuse attackers. (Acc +3) [Jiyva's grace]
   770 | D        | Gained mutation: You are mostly covered in molten scales. (AC +3) [Jiyva's grace]
   775 | D        | Reached XP level 10. HP: 66/106 MP: 9/9
   778 | D        | Gained mutation: You have a pair of large horns on your head. [Jiyva's grace]
   780 | D        | Gained mutation: Your flesh is heat resistant. (rF+) [Jiyva's grace]
   783 | D        | Lost mutation: You have hooves in place of feet. [Jiyva's grace]
   784 | D        | Gained mutation: Your flesh is cold resistant. (rC+) [Jiyva's grace]
   785 | D        | Lost mutation: You tend to lose your temper in combat. [Jiyva's grace]
   788 | D        | Gained mutation: Your rubbery body absorbs attacks. (AC +1, EV +1) [Jiyva's grace]
   792 | D        | Gained mutation: You are robust. (+10% HP) [Jiyva's grace]
   795 | D        | Lost mutation: Your muscles are strong. (Str +2) [Jiyva's grace]
   796 | D        | Gained mutation: Your translucent skin slightly reduces your foes' accuracy. (Stealth) [Jiyva's grace]
   809 | D        | Gained mutation: You have acidic saliva. [Jiyva's grace]
   914 | D        | Noticed an orc high priest
   931 | D        | Gained mutation: Your body has grown many golden eyes which may confuse attackers. (Acc +5) [Jiyva's grace]
   936 | D        | Killed an orc high priest
   979 | D        | Noticed an orc high priest
   979 | D        | Noticed an orc knight
   988 | D        | Lost mutation: You are robust. (+10% HP) [Jiyva's grace]
   988 | D        | Lost mutation: Your rubbery body absorbs attacks. (AC +1, EV +1) [Jiyva's grace]
   988 | D        | Gained mutation: You are agile. (Dex +2) [Jiyva's grace]
   991 | D        | Noticed an orc high priest
   991 | D        | Lost mutation: Your flesh is cold resistant. (rC+) [Jiyva's grace]
   991 | D        | Lost mutation: You have hoof-like feet. [Jiyva's grace]
   996 | D        | Gained mutation: Your rubbery body absorbs attacks. (AC +1, EV +1) [Jiyva's grace]
   997 | D        | Slimified an orc high priest
   997 | D        | an orc high priest changed into a slime creature
   999 | D        | Gained mutation: Your spells are a little harder to cast, but a little more powerful. [Jiyva's grace]
  1000 | D        | Slimified an orc knight
  1000 | D        | an orc knight changed into a slime creature
  1003 | D        | Lost mutation: You have acidic saliva. [Jiyva's grace]
  1003 | D        | Gained mutation: You have very sharp teeth. [Jiyva's grace]
  1005 | D        | Gained mutation: You evolve. [Jiyva's grace]
  1005 | D        | Gained mutation: Your pliable body absorbs attacks. (AC +2, EV +2) [Jiyva's grace]
  1008 | D        | Noticed a smoke demon
  1010 | D        | Gained mutation: You are very agile. (Dex +4) [Jiyva's grace]
  1012 | D        | Gained mutation: You have acidic saliva. [Jiyva's grace]
  1013 | D        | Gained mutation: You have hoof-like feet. [Jiyva's grace]
  1022 | D        | Lost mutation: You evolve. [Jiyva's grace]
  1037 | D        | Slimified an orc high priest
  1037 | D        | Noticed an azure jelly
  1037 | D        | an orc high priest changed into an azure jelly
  1039 | D        | Lost mutation: Your body has grown many golden eyes which may confuse attackers. (Acc +5) [Jiyva's grace]
  1039 | D        | Gained mutation: You can translocate small distances at will. [Jiyva's grace]
  1041 | D        | Lost mutation: You have a pair of large horns on your head. [Jiyva's grace]
  1041 | D        | Gained mutation: Your gelatinous body deflects attacks. (AC +3, EV +3) [Jiyva's grace]
  1048 | D        | Gained mutation: Your mind is acute. (Int +2) [Jiyva's grace]
  1065 | D        | Gained mutation: You possess an exceptional clarity of mind. [Jiyva's grace]
  1066 | D        | Gained mutation: You are covered in slimy tendrils that may disarm your opponents. [Jiyva's grace]
  1066 | D        | Lost mutation: Your spells are a little harder to cast, but a little more powerful. [Jiyva's grace]
  1071 | D        | Found Qait's Antique Armour Emporium.
  1071 | D        | Noticed an orc high priest
  1071 | D        | Noticed an orc high priest
  1071 | D        | Noticed an orc high priest
  1071 | D        | Noticed an orc high priest
  1071 | D        | Noticed an orc high priest
  1073 | D        | Noticed an orc knight
  1073 | D        | Slimified an orc high priest
  1073 | D        | an orc high priest changed into a slime creature
  1076 | D        | Noticed an orc high priest
  1076 | D        | Slimified an orc high priest
  1076 | D        | Noticed an azure jelly
  1076 | D        | an orc high priest changed into an azure jelly
  1076 | D        | Killed an orc high priest
  1077 | D        | Found Owaycweng's Jewellery Shoppe.
  1077 | D        | Gained mutation: Your spells are a little harder to cast, but a little more powerful. [Jiyva's grace]
  1079 | D        | Noticed an orc knight
  1080 | D        | Lost mutation: You possess an exceptional clarity of mind. [Jiyva's grace]
  1087 | D        | Noticed a smoke demon
  1093 | D        | Slimified an orc high priest
  1093 | D        | an orc high priest changed into a slime creature
  1094 | D        | Lost mutation: Your body has grown golden eyes which may confuse attackers. (Acc +3) [Jiyva's grace]
  1098 | D        | Slimified an orc high priest
  1098 | D        | Noticed an acid blob
  1098 | D        | an orc high priest changed into an acid blob
  1099 | D        | Found Bial's Gadget Emporium.
  1099 | D        | Lost mutation: Your gelatinous body deflects attacks. (AC +3, EV +3) [Jiyva's grace]
  1099 | D        | Lost mutation: Your spells are a little harder to cast, but a little more powerful. [Jiyva's grace]
  1101 | D        | Slimified an orc knight
  1101 | D        | an orc knight changed into a slime creature
  1104 | D        | Noticed an orc high priest
  1105 | D        | Slimified an orc high priest
  1105 | D        | Noticed an acid blob
  1105 | D        | an orc high priest changed into an acid blob
  1106 | D        | Found Fanwott's Food Shoppe.
  1106 | D        | Noticed an orc knight
  1106 | D        | Lost mutation: Your pliable body absorbs attacks. (AC +2, EV +2) [Jiyva's grace]
  1106 | D        | Gained mutation: You possess an exceptional clarity of mind. [Jiyva's grace]
  1108 | D        | Slimified an orc knight
  1108 | D        | Noticed an azure jelly
  1108 | D        | an orc knight changed into an azure jelly
  1108 | D        | Gained mutation: Your flesh is very heat resistant. (rF++) [Jiyva's grace]
  1111 | D        | Noticed an orange demon
  1112 | D        | Gained mutation: You evolve. [Jiyva's grace]
  1119 | D        | Killed an orc high priest
  1125 | D        | Killed an orc knight
  1127 | D        | Lost mutation: You evolve. [Jiyva's grace]
  1127 | D        | Gained mutation: You are somewhat resistant to further mutation. [Jiyva's grace]
  1127 | D        | Lost mutation: You are very agile. (Dex +4) [Jiyva's grace]
  1127 | D        | Lost mutation: You are partially covered in rugged brown scales. (AC +1, +3% HP) [Jiyva's grace]
  1130 | D        | Noticed an orc high priest
  1131 | D        | Noticed an orc knight
  1132 | D        | Bought a shiny plate armour for 580 gold pieces
  1133 | D        | Noticed an orc high priest
  1134 | D        | Killed an orc high priest
  1137 | D        | Slimified an orc knight
  1137 | D        | an orc knight changed into a slime creature
  1140 | D        | Slimified an orc high priest
  1140 | D        | Noticed an azure jelly
  1140 | D        | an orc high priest changed into an azure jelly
  1141 | D        | Gained mutation: Your flesh is cold resistant. (rC+) [Jiyva's grace]
  1145 | D        | Gained mutation: Your mind is very acute. (Int +4) [Jiyva's grace]
  1145 | D        | Lost mutation: Your mind is very acute. (Int +4) [Jiyva's grace]
  1255 | D        | Noticed Joseph
  1261 | D        | Slimified Joseph
  1261 | D        | Noticed Joseph
  1261 | D        | Joseph changed into Joseph the slime creature
  1262 | D        | Lost mutation: You are agile. (Dex +2) [Jiyva's grace]
  1329 | D        | Lost mutation: Your flesh is cold resistant. (rC+) [Jiyva's grace]
  1338 | D        | Noticed a catoblepas
  1338 | D        | Noticed a tengu warrior
  1338 | D        | Noticed a gargoyle
  1340 | D        | Slimified a catoblepas
  1340 | D        | Noticed an acid blob
  1340 | D        | a catoblepas changed into an acid blob
  1342 | D        | Killed a tengu warrior
  1347 | D        | Gained mutation: You are robust. (+10% HP) [Jiyva's grace]
  1347 | D        | Lost mutation: You are somewhat resistant to further mutation. [Jiyva's grace]
  1347 | D        | Gained mutation: You evolve. [Jiyva's grace]
  1351 | D        | Killed an acid blob
  1354 | D        | Noticed a seven-headed hydra
  1355 | D        | Noticed a necromancer
  1356 | D        | Noticed a tengu warrior
  1358 | D        | Noticed a frost giant
  1361 | D        | Killed a gargoyle
  1362 | D        | Slimified a seven-headed hydra
  1362 | D        | a seven-headed hydra changed into a slime creature
  1366 | D        | Noticed an ettin
  1368 | D        | Gained mutation: You are partially covered in large bone plates. (SH +4) [evolution]
  1384 | D        | Killed a necromancer
  1384 | D        | Reached skill level 15 in Fighting
  1384 | D        | Reached skill level 15 in Shields
  1393 | D        | Slimified a frost giant
  1393 | D        | Noticed an azure jelly
  1393 | D        | a frost giant changed into an azure jelly
  1394 | D        | Lost mutation: You possess an exceptional clarity of mind. [Jiyva's grace]
  1395 | D        | Killed a tengu warrior
  1397 | D        | Killed an ettin
  1400 | D        | Lost mutation: You have acidic saliva. [Jiyva's grace]
  1400 | D        | Gained mutation: You are very robust. (+20% HP) [Jiyva's grace]
  1400 | D        | Lost mutation: You are covered in slimy tendrils that may disarm your opponents. [Jiyva's grace]
  1401 | D        | Gained mutation: Your translucent skin reduces your foes' accuracy. (Stealth) [Jiyva's grace]
  1409 | D        | Noticed a stone giant
  1410 | D        | Noticed a tengu warrior
  1416 | D        | Slimified a stone giant
  1416 | D        | Noticed an acid blob
  1416 | D        | a stone giant changed into an acid blob
  1418 | D        | Killed a tengu warrior
  1423 | D        | Gained mutation: You have a small jelly attached to you that senses nearby items. [Jiyva's grace]
  1423 | D        | Lost mutation: Your mind is acute. (Int +2) [Jiyva's grace]
  1697 | D        | Noticed a spiny frog
  1697 | D        | Noticed a shambling mangrove
  1697 | D        | Noticed a swamp dragon
  1711 | D        | Noticed a death ooze
  1711 | D        | a bog body changed into a death ooze
  1714 | D        | Noticed an alligator
  1717 | D        | Killed a shambling mangrove
  1717 | D        | Reached skill level 15 in Armour
  1722 | D        | Killed a spiny frog
  1722 | D        | Reached skill level 15 in Long Blades
  1725 | D        | Noticed a shambling mangrove
  1733 | D        | Killed a swamp dragon
  1747 | D        | Killed an alligator
  1756 | D        | Killed a shambling mangrove
  1756 | D        | Reached XP level 11. HP: 102/136 MP: 10/10
  1770 | D        | Gained mutation: You rapidly evolve. [Jiyva's grace]
  1770 | D        | Gained mutation: You have a pair of large horns on your head. [Jiyva's grace]
  1771 | D        | Gained mutation: Your body has grown golden eyes which may confuse attackers. (Acc +3) [Jiyva's grace]
  1771 | D        | Gained mutation: Your transparent skin significantly reduces your foes' accuracy. (Stealth) [Jiyva's grace]
  1780 | D        | Noticed a merfolk javelineer
  1780 | D        | Noticed a merfolk javelineer
  1780 | D        | Noticed a merfolk javelineer
  1780 | D        | Noticed a sea snake
  1783 | D        | Slimified a merfolk javelineer
  1783 | D        | Noticed an acid blob
  1783 | D        | a merfolk javelineer changed into an acid blob
  1784 | D        | Noticed a merfolk impaler
  1788 | D        | Slimified a merfolk javelineer
  1788 | D        | Noticed an acid blob
  1788 | D        | a merfolk javelineer changed into an acid blob
  1789 | D        | Lost mutation: You have a small jelly attached to you that senses nearby items. [Jiyva's grace]
  1789 | D        | Lost mutation: Your flesh is very heat resistant. (rF++) [Jiyva's grace]
  1792 | D        | Lost mutation: You are very robust. (+20% HP) [Jiyva's grace]
  1794 | D        | Killed a merfolk javelineer
  1797 | D        | Lost mutation: Your body has grown golden eyes which may confuse attackers. (Acc +3) [Jiyva's grace]
  1801 | D        | Slimified a sea snake
  1801 | D        | a sea snake changed into a slime creature
  1803 | D        | Gained mutation: You have a small jelly attached to you that may absorb incoming projectiles. [Jiyva's grace]
  1805 | D        | Gained mutation: You are agile. (Dex +2) [Jiyva's grace]
  1814 | D        | Lost mutation: You can translocate small distances at will. [Jiyva's grace]
  1831 | D        | Killed a merfolk impaler
  1834 | D        | Lost mutation: Your rubbery body absorbs attacks. (AC +1, EV +1) [Jiyva's grace]
  1834 | D        | Lost mutation: You have a small jelly attached to you that may absorb incoming projectiles. [Jiyva's grace]
  1834 | D        | Gained mutation: You have acidic saliva. [Jiyva's grace]
  1842 | D        | Noticed a wolf spider
  1842 | D        | Noticed an emperor scorpion
  1849 | D        | Killed a wolf spider
  1853 | D        | Noticed a wolf spider
  1866 | D        | Killed an acid blob
  1867 | D        | Lost mutation: You rapidly evolve. [Jiyva's grace]
  1868 | D        | Killed an emperor scorpion
  1875 | D        | Killed a wolf spider
  1897 | D        | Noticed a naga ritualist
  1899 | D        | Killed an acid blob
  1913 | D        | Killed a black mamba
  1918 | D        | Noticed a salamander mystic
  1926 | D        | Slimified a naga ritualist
  1926 | D        | a naga ritualist changed into a slime creature
  1927 | D        | Gained mutation: You are covered in slimy tendrils that may disarm your opponents. [Jiyva's grace]
  1933 | D        | Lost mutation: You have hoof-like feet. [Jiyva's grace]
  1933 | D        | Lost mutation: Your flesh is heat resistant. (rF+) [Jiyva's grace]
  1936 | D        | Gained mutation: You passively map a small area around you. [Jiyva's grace]
  1938 | D        | Lost mutation: You have large cloven feet. [Jiyva's grace]
  1950 | D        | Slimified a salamander mystic
  1950 | D        | a salamander mystic changed into a slime creature
  1955 | D        | Lost mutation: You are agile. (Dex +2) [Jiyva's grace]
  1958 | D        | Lost mutation: You are robust. (+10% HP) [Jiyva's grace]
  2019 | D        | Noticed Frances
  2024 | D        | Slimified Frances
  2024 | D        | Noticed Frances
  2024 | D        | Frances changed into Frances the azure jelly
  2029 | D        | Lost mutation: You have a pair of large horns on your head. [Jiyva's grace]
  2105 | D        | Noticed a fire dragon
  2105 | D        | Noticed a stone giant
  2105 | D        | Noticed a brown very ugly thing
  2105 | D        | Noticed an ettin
  2105 | D        | Noticed a red very ugly thing
  2105 | D        | Noticed an ice dragon
  2108 | D        | Noticed a flayed ghost
  2110 | D        | Slimified a fire dragon
  2110 | D        | Noticed an acid blob
  2110 | D        | a fire dragon changed into an acid blob
  2113 | D        | Killed an acid blob
  2118 | D        | Slimified a stone giant
  2118 | D        | Noticed an azure jelly
  2118 | D        | a stone giant changed into an azure jelly
  2119 | D        | Lost mutation: You are partially covered in large bone plates. (SH +4) [Jiyva's grace]
  2119 | D        | Gained mutation: You have a pair of large horns on your head. [Jiyva's grace]
  2121 | D        | Killed a purple very ugly thing
  2122 | D        | Killed an azure jelly
  2130 | D        | Slimified a red very ugly thing
  2130 | D        | Noticed an azure jelly
  2130 | D        | a red very ugly thing changed into an azure jelly
  2132 | D        | Killed an ettin
  2136 | D        | Killed an azure jelly
  2142 | D        | Noticed a fire giant
  2154 | D        | Killed an ice dragon
  2159 | D        | Killed a flayed ghost
  2181 | D        | Killed a fire giant
  2182 | D        | Noticed a stone giant
  2187 | D        | Hit by a large rock thrown by a stone giant

Skill      XL: |  1  2  3  4  5  6  7  8  9 10 11 |
---------------+----------------------------------+-----
Long Blades    | 3 4 5 8 9 11 12 13 15 17 | 17.1
Shields        | 4 5 6 8 10 11 12 13 15 17 | 17.2
Fighting       | 4 5 6 8 10 11 12 14 15 17 | 17.2
Armour         | 4 5 6 8 10 11 12 13 15 17 | 17.1

Action                   |  1- 3 |  4- 6 |  7- 9 | 10-12 || total
-------------------------+-------+-------+-------+-------++-------
Melee: Long sword        |    18 |     1 |       |       ||    19
       Headbutt          |     4 |     8 |    17 |    81 ||   110
       Scimitar          |       |    21 |    89 |   284 ||   394
       Kick              |       |       |    11 |    96 ||   107
       Bite              |       |       |       |    45 ||    45
Invok: Slimify           |       |       |     9 |    41 ||    50
       Request Jelly     |       |       |     1 |     3 ||     4
  Use: Potion            |     1 |     3 |       |     7 ||    11
       Scroll            |       |       |       |     1 ||     1
 Stab: Confused          |       |       |       |     1 ||     1
Armor: Scale mail        |     2 |     6 |    30 |    19 ||    57
       Plate armour      |       |       |       |    53 ||    53
Dodge: Dodged            |     3 |     7 |    28 |    64 ||   102
Block: Shield            |     7 |    15 |    47 |   176 ||   245
       Rpst.: Long sword |       |     1 |       |       ||     1
       Scimitar          |       |     1 |     2 |    13 ||    16
